 Dungeon Crawl Stone Soup version 0.18.1-6-gd335043 (webtiles) character file.

10306 Mefis the Thaumaturge (level 11, -17/54 HPs)
             Began as a Deep Elf Wizard on May 17, 2016.
             Demolished by a white ugly thing (21 damage)
             ... on level 11 of the Dungeon.
             The game lasted 01:08:08 (20187 turns).

Mefis the Thaumaturge (Deep Elf Wizard)            Turns: 20187, Time: 01:08:09

Health: -17/54     AC: 12    Str:  4    XL:     11   Next: 34%
Magic:  24/35      EV: 21    Int: 27    God:
Gold:   440        SH:  0    Dex: 13    Spells: 7 memorised, 13 levels left

rFire  . . .     SeeInvis .     X - +3 scimitar (flame)
rCold  . . .     Gourm    .     V - +4 troll leather armour
rNeg   . . .     Faith    .     (no shield)
rPois  +         Spirit   .     b - +1 hat
rElec  .         Dismiss  .     (no cloak)
rCorr  .         Reflect  .     G - +0 pair of gloves
SustAt .         Harm     .     L - +0 pair of boots
MR     +....     Clarity  +     (no amulet)
Stlth  +++.......               d - ring of magical power
                                W - +6 ring of evasion

@: somewhat resistant to hostile enchantments, fairly stealthy
A: horns 1, icy blue scales 1, blink, clarity, poison resistance, screaming 1
a: Blink


You were on level 11 of the Dungeon.
You were hungry.

You visited 2 branches of the dungeon, and saw 12 of its levels.
You also visited: Ossuary.

You collected 440 gold pieces.

Inventory:

Hand Weapons
 a - a +0 blowgun
 S - a +0 shortbow
 X - a +3 scimitar of flaming (weapon)
Missiles
 B - 103 arrows
Armour
 b - a +1 hat (worn)
 G - a +0 pair of gloves (worn)
 L - a +0 pair of boots (worn)
 V - a +4 troll leather armour (worn)
 Z - a +1 robe
Jewellery
 d - a ring of magical power (right hand)
 p - an uncursed ring of fire
 y - an uncursed ring of ice
 N - an uncursed ring of ice
 U - an uncursed ring of positive energy
 W - a +6 ring of evasion (left hand)
Wands
 Q - a wand of hasting (2/9)
Scrolls
 e - a scroll of enchant weapon {unknown}
 f - 5 scrolls of recharging
 g - 2 scrolls of enchant armour
 i - 6 scrolls of remove curse
 l - a scroll of blinking
 o - 3 scrolls of amnesia
 v - a scroll of random uselessness {unknown}
 x - 7 scrolls of teleportation
 I - 5 scrolls of identify
 M - a scroll of immolation {unknown}
 P - 4 scrolls of brand weapon {unknown}
 Y - a scroll of noise {unknown}
Potions
 h - 7 potions of curing
 j - 3 potions of cancellation
 k - a potion of haste {unknown}
 n - 3 potions of agility
 q - a potion of degeneration {unknown}
 r - a potion of mutation {unknown}
 s - 2 potions of berserk rage
 u - a potion of resistance {unknown}
 w - a potion of cure mutation {unknown}
 z - a potion of ambrosia {unknown}
 C - 3 potions of heal wounds
 D - a potion of invisibility {unknown}
 E - a potion of lignification {unknown}
 H - 3 potions of might {unknown}
 K - a potion of flight {unknown}
 O - a potion of magic {unknown}
Books
 c - a book of Minor Magic

   Spells                             Type                      Level
   a - Magic Dart                     Conjuration                  1
   b - Blink                          Translocation                2
   c - Call Imp                       Summoning                    2
   d - Repel Missiles                 Charms/Air                   2
   e - Slow                           Hexes                        2
   f - Conjure Flame                  Conjuration/Fire             3
   g - Mephitic Cloud                 Conjuration/Poison/Air       3
Miscellaneous
 F - a legendary deck of changes
Comestibles
 m - 4 beef jerkies
 t - a royal jelly
 A - 3 fruits
 J - a meat ration
 R - 2 bread rations
 T - 7 slices of pizza


   Skills:
 * Level 1.3 Armour
 + Level 8.1 Dodging
 - Level 7.1 Stealth
 + Level 9.4 Spellcasting
 + Level 9.3 Conjurations
 * Level 6.4 Hexes
 * Level 7.1 Summonings
 - Level 1.1 Translocations
 + Level 6.4 Fire Magic
 + Level 6.4 Poison Magic


You had 13 spell levels left.
You knew the following spells:

 Your Spells              Type           Power        Failure   Level  Hunger
a - Magic Dart            Conj           ####         1%          1    None
b - Call Imp              Summ           ######..     1%          2    None
c - Blink                 Tloc           N/A          10%         2    None
d - Repel Missiles        Chrm/Air       ##....       14%         2    None
e - Mephitic Cloud        Conj/Pois/Air  #####...     2%          3    None
f - Conjure Flame         Conj/Fire      ######..     1%          3    None
g - Slow                  Hex            #####...     1%          2    None


Dungeon Overview and Level Annotations

Branches:
Dungeon (11/15)            Temple (1/1) D:7
   Lair: D:8-11         Orc: D:9-12

Altars:
Ashenzari
Cheibriados
Dithmenos
Elyvilon
Fedhas
Gozag
Makhleb
Nemelex Xobeh
Okawaru
Pakellas
Qazlal
Ru
Trog
Xom
Yredelemnul
Zin
The Shining One
Lugonu

Shops:
D:4 %[}}

Annotations:
D:3 lightmor's ghost, amateur MiBe
D:9 Lovchig's ghost, novice DDFi
D:10 Maud


Innate Abilities, Weirdness & Mutations

You have a pair of small horns on your head.
You are partially covered in icy blue scales (AC +1).
You can translocate small distances at will.
You possess an exceptional clarity of mind.
Your system is resistant to poisons.
You occasionally shout uncontrollably at your foes.


Message History

Casting: Magic Dart
Confirm with . or Enter, or press ? or * to list all spells.
You don't know that spell.
Eat which item? (? for menu, Esc to quit)
Okay, then.
Casting: Magic Dart
Confirm with . or Enter, or press ? or * to list all spells.
Aiming: Mephitic Cloud
Press: ? - help, Shift-Dir - straight line, f/p - white ugly thing
Aim: a white ugly thing (lightly wounded)
The ball explodes into a vile cloud!
The stinking cloud engulfs the white ugly thing.
The white ugly thing is lightly wounded.
The stinking cloud engulfs you!
You hear a shout! x2
The white ugly thing is engulfed in noxious fumes.
The white ugly thing bites you!
* * * LOW HITPOINT WARNING * * *
The white ugly thing freezes you!!
You die...

.... ..... ......
#..#############......
...................... .
...................... #.
############..########
#..#############..###########
..).........@u.....(.?.......
............ยงยง...............
#......<................<....
#..############..############
........####### ...............
#######........ #..###### #..#


You could see a white ugly thing.

Vanquished Creatures
  A hydra (D:8)
  Fannar (D:10)
  Erica (D:8)
  Pikel (D:8)
  Maurice (D:8)
  3 kobold demonologists (D:10)
  A troll (D:9)
  A wyvern (D:9)
  A yak (D:7)
  Eustachio (D:5)
  A human (Temple)
  2 hippogriffs
  Grum (D:8)
  Duvessa (D:6)
  A water moccasin (D:8)
  2 orc warriors
  5 phantoms
  4 sky beasts
  3 ice beasts
  A wasp (D:7)
  2 eyes of draining
  3 centaurs
  4 ogres
  A crocodile (D:10)
  2 wolves (D:8)
  3 big kobolds
  Blork the orc (D:6)
  5 giant frogs
  Dowan (D:6)
  A wyvern skeleton (D:8)
  A scorpion (D:8)
  3 killer bees (D:7)
  7 wights
  2 howler monkeys
  3 giant frog zombies
  5 crimson imps
  2 quasits
  4 hounds
  A jelly (D:10)
  A wasp zombie (D:8)
  A centaur skeleton (D:10)
  2 gnoll shamans
  3 orc priests
  7 orc wizards
  Jessica (D:3)
  3 giant frog skeletons
  4 iguanas
  10 worker ants
  3 sheep
  A hound zombie (D:10)
  A hound skeleton (D:7)
  11 mummies (Ossuary)
  3 worker ant zombies
  9 gnolls
  A howler monkey skeleton (D:4)
  10 adders
  A shadow imp (D:8)
  2 oozes
  An adder zombie (D:5)
  A worm (D:2)
  A dart slug (D:1)
  5 giant geckos
  26 orcs
  2 ball pythons
  3 bats
  12 giant cockroaches
  7 goblins
  6 hobgoblins
  4 jackals (D:1)
  22 kobolds
  4 quokkas
  6 giant newts
  4 gnoll skeletons (Ossuary)
  A jackal skeleton (D:4)
  3 kobold skeletons (Ossuary)
  An orc skeleton (Ossuary)
  A quokka zombie (D:6)
  5 rats
  8 rat skeletons (Ossuary)
281 creatures vanquished.

Vanquished Creatures (collateral kills)
  A wolf (D:8)
  A giant frog zombie (D:5)
  An orc priest (D:7)
  An orc wizard (D:10)
  A mummy (Ossuary)
  A worker ant zombie (D:7)
  An adder (D:8)
  2 orcs
  2 kobolds (D:7)
  3 rat skeletons (Ossuary)
14 creatures vanquished.

Vanquished Creatures (others)
  2 slaves (D:8)
  A centaur (D:8)
  A crimson imp (D:8)
  A giant frog zombie (D:8)
  A demonic plant (D:10)
6 creatures vanquished.

Grand Total: 301 creatures vanquished

Notes
Turn   | Place    | Note
--------------------------------------------------------------
     0 | D:1      | Mefis the Deep Elf Wizard began the quest for the Orb.
     0 | D:1      | Reached XP level 1. HP: 10/10 MP: 7/7
   389 | D:1      | Reached XP level 2. HP: 15/15 MP: 1/9
   393 | D:1      | Learned a level 2 spell: Call Imp
   396 | D:1      | Learned a level 2 spell: Blink
   399 | D:1      | Learned a level 2 spell: Repel Missiles
  1135 | D:1      | Found a glowing silver altar of Zin.
  1199 | D:2      | Reached XP level 3. HP: 7/19 MP: 0/11
  1207 | D:2      | Learned a level 3 spell: Mephitic Cloud
  1907 | D:2      | Reached XP level 4. HP: 24/24 MP: 8/12
  2702 | D:3      | Noticed lightmor's ghost (amateur MiBe)
  2703 | D:3      | Noticed Jessica
  2704 | D:3      | Killed Jessica
  3631 | D:4      | Found a sand-covered staircase.
  3755 | Ossuary  | Entered an ossuary
  3787 | Ossuary  | Reached skill level 5 in Spellcasting
  3845 | Ossuary  | HP: 1/24 [mummy (5)]
  3853 | Ossuary  | Reached XP level 5. HP: 2/28 MP: 1/14
  4138 | Ossuary  | Learned a level 3 spell: Conjure Flame
  4800 | Ossuary  | Reached skill level 1 in Poison Magic
  5170 | Ossuary  | Reached skill level 1 in Fire Magic
  5473 | Ossuary  | Reached XP level 6. HP: 32/32 MP: 3/15
  6283 | D:4      | Found Deep's Food Shoppe.
  6287 | D:4      | Found Keblaid's Armour Boutique.
  6339 | D:4      | Found Xoraruci's Gadget Shoppe.
  6652 | D:4      | Reached XP level 7. HP: 36/36 MP: 7/17
  6657 | D:4      | Found Looptoj's Gadget Emporium.
  7065 | D:4      | Found Dotaozun's Antique Armour Shop.
  7151 | D:5      | Entered Level 5 of the Dungeon
  7406 | D:5      | Reached skill level 5 in Conjurations
  7601 | D:5      | Noticed Eustachio
  7613 | D:5      | Killed Eustachio
  7736 | D:5      | Found a sparkling altar of Nemelex Xobeh.
  7736 | D:5      | You fall through a shaft for 2 floors!
  7736 | D:7      | Found a staircase to the Ecumenical Temple.
  7760 | Temple   | Entered the Ecumenical Temple
  7876 | D:7      | Found an opulent altar of Gozag.
  7884 | D:7      | Reached XP level 8. HP: 41/41 MP: 7/19
  7887 | D:7      | Reached skill level 5 in Stealth
  8355 | D:6      | Reached skill level 5 in Dodging
  8433 | D:6      | Noticed Blork the orc
  8441 | D:6      | Killed Blork the orc
  8611 | D:6      | Noticed Duvessa
  8628 | D:6      | Noticed Dowan
  8638 | D:6      | Killed Duvessa
  8938 | D:6      | Killed Dowan
  9310 | D:5      | Reached XP level 9. HP: 34/45 MP: 12/21
  9529 | D:5      | Found an oddly glowing altar of Pakellas.
 10018 | D:6      | Found a sparkling altar of Nemelex Xobeh.
 10090 | D:6      | Found a glowing silver altar of Zin.
 10145 | D:6      | Found a stormy altar of Qazlal.
 11208 | D:7      | Found a glowing golden altar of the Shining One.
 11208 | D:7      | Found a glowing silver altar of Zin.
 11210 | D:7      | Found a white marble altar of Elyvilon.
 11553 | D:7      | Reached skill level 5 in Summonings
 11649 | D:8      | Noticed Maurice
 11671 | D:7      | Paralysed by a wasp for 3 turns
 12127 | D:7      | Reached skill level 5 in Fire Magic
 12568 | D:8      | Killed Maurice
 13121 | D:8      | Reached XP level 10. HP: 50/50 MP: 13/24
 13182 | D:8      | Gained mutation: You have a pair of small horns on your head. [mutagenic meat]
 13183 | D:8      | Gained mutation: Your system is resistant to poisons. [mutagenic meat]
 13184 | D:8      | Gained mutation: You can translocate small distances at will. [mutagenic meat]
 13185 | D:8      | Gained mutation: You possess an exceptional clarity of mind. [mutagenic meat]
 13186 | D:8      | Gained mutation: You are partially covered in icy blue scales (AC +1). [mutagenic meat]
 13187 | D:8      | Gained mutation: You occasionally shout uncontrollably at your foes. [mutagenic meat]
 13300 | D:8      | Learned a level 2 spell: Slow
 13325 | D:8      | Noticed Erica
 13328 | D:8      | Noticed Grum
 13359 | D:8      | Killed Grum
 13359 | D:8      | Reached skill level 5 in Poison Magic
 13361 | D:8      | Reached skill level 1 in Hexes
 13771 | D:8      | Killed Erica
 14308 | D:8      | Found a burning altar of Makhleb.
 14308 | D:8      | Found a sacrificial altar of Ru.
 14309 | D:8      | Found a blossoming altar of Fedhas.
 14310 | D:8      | Found an iron altar of Okawaru.
 14314 | D:8      | Found a snail-covered altar of Cheibriados.
 14424 | D:8      | Noticed Pikel
 14606 | D:8      | Killed Pikel
 15563 | D:9      | Noticed Lovchig's ghost (novice DDFi)
 15785 | D:9      | Noticed a five-headed hydra
 15837 | D:8      | Killed a five-headed hydra
 15837 | D:8      | Reached skill level 5 in Hexes
 17207 | D:9      | Reached XP level 11. HP: 54/54 MP: 12/26
 17686 | D:9      | Found a basalt altar of Yredelemnul.
 18051 | D:10     | Entered Level 10 of the Dungeon
 18198 | D:10     | Found a corrupted altar of Lugonu.
 18198 | D:10     | Noticed Fannar
 18917 | D:10     | Reached skill level 1 in Armour
 19718 | D:10     | Noticed Maud
 19960 | D:11     | Noticed a white ugly thing
 20130 | D:10     | Killed Fannar
 20187 | D:11     | Demolished by a white ugly thing

Skill      XL: |  1  2  3  4  5  6  7  8  9 10 11 |
---------------+----------------------------------+-----
Conjurations   | 2 3 4 5 6 8 9 |  9.3
Stealth        | 3 4 6 7 |  7.1
Dodging        | 3 4 5 6 7 8 |  8.1
Summonings     | 2 3 4 5 6 7 |  7.1
Spellcasting   | 5 6 7 8 9 |  9.4
Poison Magic   | 1 2 3 4 6 |  6.4
Fire Magic     | 1 2 4 5 6 |  6.4
Hexes          | 5 6 |  6.4
Armour         | 1 |  1.3
Translocations | |  1.1

Action                   |  1- 3 |  4- 6 |  7- 9 | 10-12 || total
-------------------------+-------+-------+-------+-------++-------
Melee: Dagger            |    13 |    12 |     9 |       ||    34
       Rapier            |       |       |    11 |     6 ||    17
       Long sword        |       |       |       |    35 ||    35
       Scimitar          |       |       |       |    87 ||    87
       Headbutt          |       |       |       |    13 ||    13
       Short sword       |       |       |       |     1 ||     1
 Fire: Shortbow          |       |       |       |   179 ||   179
       Blowgun           |       |       |       |     3 ||     3
 Cast: Magic Dart        |   103 |   209 |   444 |   496 ||  1252
       Repel Missiles    |     1 |       |       |       ||     1
       Call Imp          |       |    13 |     7 |    25 ||    45
       Blink             |       |     4 |     5 |    11 ||    20
       Conjure Flame     |       |    19 |    11 |    32 ||    62
       Mephitic Cloud    |       |     3 |    32 |    57 ||    92
       Slow              |       |       |       |     3 ||     3
  Use: Scroll            |       |     5 |       |    16 ||    21
 Stab: Sleeping          |       |     3 |     2 |     2 ||     7
       Confused          |       |       |     2 |     9 ||    11
       Distracted        |       |       |       |     1 ||     1
  Eat: Chunk             |     3 |     6 |    10 |    13 ||    32
       Bread ration      |       |     2 |     1 |     1 ||     4
       Meat ration       |       |       |     1 |     2 ||     3
Armor: Robe              |     3 |    12 |    37 |    28 ||    80
       Troll leather arm |       |       |       |    40 ||    40
Dodge: Dodged            |    23 |    24 |   108 |   411 ||   566
       Deflected         |     1 |       |     1 |     2 ||     4
